 Dungeon Crawl Stone Soup version bcrawl-1.19.2-6-g6a88ae04c9 (webtiles) character file.

Game seed: 902912871388689005

4881 Mrkan the Cleaver (level 10, -1/90 HPs)
             Began as a Minotaur Fighter on Dec 30, 2019.
             Was a Priest of Makhleb.
             Succumbed to a killer bee's poison
             ... on level 8 of the Dungeon.
             The game lasted 00:11:36 (9337 turns).

Mrkan the Cleaver (Minotaur Fighter)                Turns: 9337, Time: 00:11:36

Health: -1/90      AC: 12    Str: 21    XL:     10   Next: 26%
Magic:  12/12      EV:  4    Int:  5    God:    Makhleb [***...]
Gold:   616        SH: 16    Dex: 11    Spells: 9/9 levels left

rFire    . . .     SeeInvis .   a - +0 war axe
rCold    . . .     Gourm    .   z - +0 large shield
rNeg     . . .     Faith    .   y - +0 chain mail
rPois    .         Spirit   .   (helmet restricted)
rElec    .         Reflect  .   G - +0 cloak
rCorr    .         Harm     .   (no gloves)
MR       .....                  (no boots)
Stlth    ..........             (no amulet)
HPRegen  0.25/turn              (no ring)
MPRegen  0.13/turn              (no ring)

@: lethally poisoned (-1 -> -16)
A: retaliatory headbutt, hooves 1, horns 2, dopey 1
a: Minor Destruction, Lesser Servant of Makhleb, Renounce Religion


You were on level 8 of the Dungeon.
You worshipped Makhleb.
Makhleb was most pleased with you.
You were very hungry.

You visited 2 branches of the dungeon, and saw 9 of its levels.
You also visited: Sewer.

You collected 616 gold pieces.

Inventory:

Hand Weapons
 a - a +0 war axe (weapon)
Missiles
 k - 2 throwing nets (quivered) {!f}
Armour
 y - a +0 chain mail (worn)
 z - a +0 large shield (worn)
 G - a +0 cloak (worn)
Jewellery
 c - a +3 ring of strength {unknown}
 h - an uncursed ring of protection from magic {unknown}
 w - an uncursed ring of ice {unknown}
 x - the amulet of Jujakk {RegenMP rC++ Dex-2, unknown}
   (You found it on level 4 of the Dungeon)

   [amulet of magic regeneration]

   It increases your magic regeneration.
   It affects your dexterity (-2).
   It greatly protects you from cold.
Wands
 H - a wand of paralysis (8)
Scrolls
 e - 12 scrolls of identify {unknown}
 i - a scroll of noise {unknown}
 l - 2 scrolls of enchant armour {unknown}
 n - 3 scrolls of teleportation {unknown}
 o - 5 scrolls of immolation {unknown}
 p - 2 scrolls of blinking {unknown}
 q - 2 scrolls of remove curse {unknown}
 r - 3 scrolls of fear {unknown}
 s - 5 scrolls of fog {unknown}
 t - 3 scrolls of enchant weapon {unknown}
 u - a scroll of magic mapping {unknown}
 A - a scroll of amnesia {unknown}
 E - a scroll of silence {unknown}
Potions
 b - a potion of resistance {unknown}
 d - 3 potions of might
 g - 2 potions of cancellation
 j - a potion of flight {unknown}
 m - 2 potions of mutation
 v - 3 potions of magic
 B - a potion of invisibility {unknown}
 C - 2 potions of haste {unknown}
 F - a potion of heal wounds {unknown}
 I - 2 potions of agility {unknown}
Comestibles
 f - 9 rations {!d}


   Skills:
 + Level 8.6 Fighting
 * Level 10.9 Axes
 + Level 8.4 Armour
 + Level 8.4 Shields
 + Level 5.0 Invocations


You had 9 spell levels left.
You didn't know any spells.
Your spell library contained the following spells:

 Spells                   Type           Power        Failure   Level  Hunger
 Poisonous Vapours        Pois/Air       #.....       100%        2    ###....
 Confuse                  Hex            #.......     100%        3    ####...
 Conjure Flame            Conj/Fire      #.......     100%        3    ####...
 Dazzling Spray           Conj/Hex       #.....       100%        3    ####...
 Mephitic Cloud           Conj/Pois/Air  #.......     100%        3    ####...
 Petrify                  Tmut/Erth      #.......     100%        4    #####..
 Yara's Violent Unravell  Hex/Tmut       #.........   100%        4    #####..
 Metabolic Englaciation   Hex/Ice        #.........   100%        5    ######.
 Freezing Cloud           Ice/Air        #.........   100%        6    #######
 Steam Barrier            Chrm/Fire      #.........   100%        6    #######
 Mana Rupture             Conj/Hex       #.........   100%        7    #######


Dungeon Overview and Level Annotations

Branches:
Dungeon (8/12)             Temple (1/1) D:4
   Lair: D:7-9          Orc: D:8-11

Altars:
Ashenzari
Cheibriados
Dithmenos
Elyvilon
Fedhas
Gozag
Hepliaklqana
Kikubaaqudgha
Lugonu
Makhleb
Nemelex Xobeh
Qazlal
Ru
Sif Muna
Trog
Uskayaw
Vehumet
Wu Jian
Xom
Yredelemnul
Zin
The Shining One

Shops:
D:7 }

Annotations:
D:4 2 transporters, cunnyseurTrue's ghost, amateur VSAc


Innate Abilities, Weirdness & Mutations

You reflexively headbutt those who attack you in melee.
You have a pair of horns on your head.
You have large cloven feet.
You are dopey. (Int -2)


Message History

The killer bee poisons you!
The killer bee stings you but does no damage.
You closely miss the killer bee.
You kick the killer bee, but do no damage.
Your headbutt misses the killer bee.
The killer bee is severely wounded.
* * * LOW HITPOINT WARNING * * *
You feel sick. You block the killer bee's attack. x2
The killer bee stings you but does no damage.
Your shield and chain mail prevent you from hitting the killer bee.
You headbutt the killer bee.
The killer bee is almost dead.
* * * LOW HITPOINT WARNING * * *
You feel sick. You block the killer bee's attack. The killer bee stings you.
* * * LOW HITPOINT WARNING * * *
You are more poisoned.
The killer bee poisons you!
You closely miss the killer bee.
The killer bee is almost dead.
You die...

...........##
...........
......... .......
...<. ... #y#
##@###########
##.....##.....##
#..............##
#................#
#...............<#
#....).........).#
#%...............#
#................#
#................#


You could see a killer bee.

Vanquished Creatures
  Pikel (D:7)
  A hippogriff (D:7)
  3 yaks (D:7)
  A vampire mosquito (D:7)
  3 hungry ghosts
  Menkaure (D:7)
  A water moccasin (D:7)
  A slave (D:7)
  An ice beast (D:8)
  2 phantoms
  5 sky beasts
  4 ogres
  A necrophage (D:5)
  A centaur (D:7)
  2 bullfrogs
  A wyvern zombie (D:6)
  7 killer bees
  4 howler monkeys (D:7)
  3 wights (D:7)
  3 crimson imps
  A bullfrog zombie (D:7)
  2 bullfrog skeletons
  A jelly (D:6)
  Crazy Yiuf (D:7)
  2 orc priests (D:3)
  4 hounds
  A centaur skeleton (D:5)
  4 iguanas
  3 worker ants
  2 orc wizards
  2 worker ant zombies (D:6)
  7 gnolls
  A howler monkey skeleton (D:5)
  11 adders
  A shadow imp (D:5)
  An ooze (D:3)
  4 worms
  2 dart slugs
  7 leopard geckos
  22 orcs
  6 ball pythons
  6 giant cockroaches
  9 goblins
  19 hobgoblins
  17 jackals
  18 kobolds
  5 quokkas
  6 bats
  13 frilled lizards
  A leopard gecko skeleton (D:4)
  9 rats
  20 plants
254 creatures vanquished.

Vanquished Creatures (others)
  A slave (D:7)
  An orc (D:7)
2 creatures vanquished.

Grand Total: 256 creatures vanquished

Notes
Turn   | Place    | Note
-------+----------+-------------------------------------------
     0 | D:1      | Mrkan the Minotaur Fighter began the quest for the Orb.
     0 | D:1      | Reached XP level 1. HP: 19/19 MP: 0/0
   201 | D:1      | Reached XP level 2. HP: 24/27 MP: 1/1
   242 | D:1      | Reached skill level 3 in Axes
   480 | D:1      | Reached XP level 3. HP: 33/33 MP: 2/2
   996 | D:2      | Reached XP level 4. HP: 40/40 MP: 3/3
  1261 | D:2      | Found a shimmering blue altar of Sif Muna.
  1372 | D:2      | Noticed a sky beast
  1381 | D:2      | Killed a sky beast
  1381 | D:2      | Reached skill level 4 in Axes
  1381 | D:2      | Reached XP level 5. HP: 33/47 MP: 4/4
  2011 | D:3      | Reached skill level 5 in Axes
  2088 | D:3      | HP: 1/47 [orc priest/divine providence (10)]
  2091 | D:3      | Reached XP level 6. HP: 5/55 MP: 5/5
  2107 | D:3      | Reached skill level 5 in Shields
  2607 | D:3      | Reached skill level 5 in Fighting
  2801 | D:4      | Reached skill level 5 in Armour
  2816 | D:4      | Noticed a troll
  3322 | D:4      | Noticed a sky beast
  3344 | D:4      | Killed a sky beast
  3344 | D:4      | Reached skill level 6 in Axes
  3344 | D:4      | Reached XP level 7. HP: 42/61 MP: 6/6
  3459 | D:4      | Found a staircase to the Ecumenical Temple.
  3479 | Temple   | Entered the Ecumenical Temple
  3578 | Temple   | Became a worshipper of Makhleb the Destroyer
  3611 | D:4      | Got a slimy steel amulet
  3960 | D:4      | Found a transporter.
  3973 | D:4      | Found a transporter.
  3976 | D:4      | Noticed cunnyseurTrue's ghost (amateur VSAc)
  4339 | D:4      | Reached skill level 1 in Invocations
  4715 | D:5      | Entered Level 5 of the Dungeon
  4736 | D:5      | Reached skill level 7 in Axes
  4751 | D:4      | HP: 3/62 [poisoned by a gnoll]
  4756 | D:4      | Gained mutation: You are dopey. (Int -2) [potion of
                  | mutation]
  4756 | D:4      | Gained mutation: You have large cloven feet. [potion of
                  | mutation]
  4759 | D:4      | HP: 2/62 [poisoned by a gnoll]
  4767 | D:4      | HP: 1/62 [poisoned by a gnoll]
  5297 | D:5      | Reached XP level 8. HP: 43/70 MP: 6/8
  5604 | D:5      | Found a sparkling altar of Nemelex Xobeh.
  5605 | D:5      | Found an opulent altar of Gozag.
  5774 | D:5      | Reached skill level 8 in Axes
  5801 | D:5      | Reached * piety under Makhleb
  6434 | D:5      | Found a shadowy altar of Dithmenos.
  6536 | D:6      | Found a glowing drain.
  6550 | Sewer    | Entered a sewer
  7324 | D:6      | Reached ** piety under Makhleb
  7540 | D:6      | Found a corrupted altar of Lugonu.
  7604 | D:6      | Reached XP level 9. HP: 78/78 MP: 10/10
  7606 | D:6      | Found an ornate altar of the Wu Jian Council.
  7830 | D:6      | Reached skill level 9 in Axes
  7933 | D:6      | Found a sacrificial altar of Ru.
  8134 | D:7      | Noticed Menkaure
  8143 | D:7      | Killed Menkaure
  8487 | D:7      | Noticed Pikel
  8500 | D:7      | Reached skill level 10 in Axes
  8508 | D:7      | Paralysed by Pikel for 2 turns
  8511 | D:7      | Killed Pikel
  8582 | D:7      | Reached XP level 10. HP: 87/87 MP: 12/12
  8891 | D:7      | Found Hisibbo's Gadget Shop.
  8916 | D:7      | Found a runed door.
  8994 | D:7      | Noticed Crazy Yiuf
  8997 | D:7      | Killed Crazy Yiuf
  9111 | D:7      | Found a shattered altar of Ashenzari.
  9275 | D:8      | Reached *** piety under Makhleb
  9275 | D:8      | Reached skill level 5 in Invocations
  9336 | D:8      | HP: 1/90 [killer bee (6)]
  9337 | D:8      | Succumbed to a killer bee's poison

Skill      XL: |  1  2  3  4  5  6  7  8  9 10 |
---------------+-------------------------------+-----
Axes           | 3 4 5 6 7 8 10 | 10.9
Shields        | 4 5 6 7 8 |  8.4
Fighting       | 4 5 6 7 8 |  8.6
Armour         | 4 5 6 7 8 |  8.4
Invocations    | 1 3 4 5 |  5.0

Action                   |  1- 3 |  4- 6 |  7- 9 | 10-12 || total
-------------------------+-------+-------+-------+-------++-------
Melee: War axe           |   104 |   192 |   643 |    93 ||  1032
       Headbutt          |    12 |    43 |   147 |    17 ||   219
       Kick              |       |       |   131 |    23 ||   154
  Use: Potion            |       |     2 |     4 |     1 ||     7
  Eat: Chunk             |       |     8 |    13 |       ||    21
       Ration            |       |       |     5 |       ||     5
Armor: Scale mail        |    46 |    74 |    17 |       ||   137
       Skin              |       |    10 |       |       ||    10
       Chain mail        |       |       |   157 |    30 ||   187
Dodge: Dodged            |    25 |    63 |    89 |     7 ||   184
Block: Shield            |    69 |   110 |   179 |       ||   358
       Large shield      |       |       |   114 |    90 ||   204
